 Dungeon Crawl Stone Soup version 0.19.1-1-g22dce08 (webtiles) character file.

85 Jannitor the Skirmisher (level 4, 36/38 HPs)
             Began as a Demigod Wanderer on Jan 10, 2017.
             Quit the game on level 2 of the Dungeon.
             The game lasted 00:06:55 (1704 turns).

Jannitor the Skirmisher (Demigod Wanderer)          Turns: 1704, Time: 00:06:55

Health: 36/38      AC:  5    Str: 13 (16) XL:     4   Next: 5%
Magic:  6/6        EV: 10    Int: 14 (15) God:
Gold:   91         SH:  5    Dex: 17      Spells: 0 memorised, 3 levels left

rFire  . . .     SeeInvis .     a - +2 mace
rCold  . . .     Gourm    .     e - +0 robe
rNeg   . . .     Faith    .     d - +0 buckler
rPois  +         Spirit   .     t - +0 helmet
rElec  .         Reflect  .     p - +0 cloak
rCorr  .         Harm     .     (no gloves)
MR     .....                    q - +0 pair of boots
Stlth  ++........               (no amulet)
                                (no ring)
                                n - ring of poison resistance

@: no status effects
A: high mp 1
a: no special abilities


You were on level 2 of the Dungeon.
You were not hungry.

You visited 1 branch of the dungeon, and saw 2 of its levels.

You collected 91 gold pieces.

Inventory:

Hand Weapons
 a - a +2 mace (weapon)
 b - a +0 hand crossbow
Missiles
 c - 20 bolts
Armour
 d - a +0 buckler (worn)
 e - a +0 robe (worn)
 p - a +0 cloak (worn)
 q - a +0 pair of boots (worn)
 t - a +0 helmet (worn)
Jewellery
 m - an uncursed ring of ice
 n - a ring of poison resistance (left hand)
Wands
 w - a wand of slowing (25/48)
Scrolls
 g - 3 scrolls of identify {unknown}
 h - a scroll of amnesia {unknown}
 i - a scroll of enchant weapon {unknown}
 j - a scroll of immolation {unknown}
 l - a scroll of fear {unknown}
 r - a scroll of enchant armour {unknown}
 u - a scroll of teleportation {unknown}
Potions
 o - 2 potions of curing
Comestibles
 f - 2 bread rations
 k - 2 meat rations
 s - a chunk of flesh


   Skills:
 + Level 3.2 Fighting
 + Level 2.4 Maces & Flails
   Level 1.0 Bows
 + Level 1.3 Crossbows
 - Level 2.0 Armour
 - Level 1.0 Stealth
 + Level 2.0 Shields


You had 3 spell levels left.
You didn't know any spells.

Dungeon Overview and Level Annotations

Branches:
Dungeon (2/15)


Innate Abilities, Weirdness & Mutations

You have an increased reservoir of magic. (+10% MP)


Message History

You open the door.
There is an open door here.
You now have 91 gold pieces (gained 1).
A leopard gecko comes into view.
Found a bread ration.
The leopard gecko hisses angrily.
You completely miss the leopard gecko. The leopard gecko bites you. x2
You hit the leopard gecko.
You kill the leopard gecko!
No target in view!
No target in view!
f - 2 bread rations (gained 1)
You are feeling hungry.
You see here a leopard gecko corpse.
You butcher the leopard gecko corpse.
s - 2 chunks of flesh Eat one of 2 chunks of flesh? (ye/n/q)
You start eating one of the 2 chunks of flesh.
This raw flesh tastes terrible.
Are you sure you want to abandon this character and quit the game? (Confirm with "yes".)

#.# #.# ###.# ..#.# #.#.#
#.#.# # #.#.######## #
.######@#........#### # #
............####...>#.# #
.######.#..#......#.#.# #
...............#......#
.######.###....#.##.###
#.####...#⌠.##'.#.⌠#..###
#.#................#....#
#.#...#...#.......#####.#
#.#.#.#...#.......#.....#


There were no monsters in sight!

Vanquished Creatures
  Crazy Yiuf (D:2)
  An adder (D:2)
  An ooze (D:1)
  A dart slug (D:1)
  A leopard gecko (D:2)
  A giant cockroach (D:2)
  8 hobgoblins
  A jackal (D:1)
  2 ball pythons (D:2)
  7 bats
  A frilled lizard (D:2)
  5 goblins
  5 kobolds
  7 rats
42 creatures vanquished.

Notes
Turn   | Place    | Note
-------+----------+-------------------------------------------
     0 | D:1      | Jannitor the Demigod Wanderer began the quest for the Orb.
     0 | D:1      | Jannitor set off with: a +2 mace, a +0 hand crossbow, 25 bolts, a +0 buckler, a +0 robe, a bread ration
     0 | D:1      | Reached XP level 1. HP: 18/18 MP: 3/3
   135 | D:1      | Reached XP level 2. HP: 25/25 MP: 4/4
   587 | D:1      | Reached skill level 3 in Fighting
   829 | D:2      | Reached XP level 3. HP: 31/31 MP: 5/5
  1298 | D:2      | Found a runed door.
  1302 | D:2      | Noticed Crazy Yiuf
  1311 | D:2      | Killed Crazy Yiuf
  1311 | D:2      | Reached skill level 1 in Crossbows
  1625 | D:2      | Found a shattered altar of Ashenzari.
  1630 | D:2      | Reached XP level 4. HP: 34/38 MP: 6/6
  1704 | D:2      | Quit the game

Skill      XL: |  1  2  3 |
---------------+----------+-----
Armour         | 2 |  2.0
Maces & Flails | 2 |  2.4
Fighting       | 3 |  3.2
Crossbows      | 1 |  1.3
Shields        | 2 |  2.0
Bows           | |  1.0
Stealth        | |  1.0

Action                   |  1- 3 |  4- 6 || total
-------------------------+-------+-------++-------
Melee: Mace              |    41 |     7 ||    48
 Fire: Hand crossbow     |    43 |       ||    43
  Use: Potion            |     4 |       ||     4
 Stab: Sleeping          |     1 |     1 ||     2
  Eat: Chunk             |     2 |     1 ||     3
Armor: Robe              |    15 |     2 ||    17
Dodge: Dodged            |    23 |     1 ||    24
Block: Buckler           |    10 |     1 ||    11
